 Dungeon Crawl Stone Soup version 0.28.0-43-g3370ac3207 (webtiles) character file.

Game seed: 13091208618174977227

7 RascalDebosk the Conjurer (level 1, 0/14 HPs)
             Began as a Draconian Conjurer on Mar 27, 2022.
             Slain by a kobold
             ... wielding a +0 short sword
              (5 damage)
             ... on level 2 of the Dungeon.
             The game lasted 00:03:36 (875 turns).

RascalDebosk the Conjurer (Draconian Conjurer)       Turns: 875, Time: 00:03:36

Health: 0/14       AC:  4    Str:  9    XL:     1   Next: 83%
Magic:  1/3        EV: 12    Int: 18    God:
Gold:   26         SH:  0    Dex:  9    Spells: 3/4 levels left

rFire   . . .      SeeInvis .   a - +0 dagger
rCold   . . .      Faith    .   (no shield)
rNeg    . . .      Spirit   .   (armour unavailable)
rPois   .          Reflect  .   (helmet restricted)
rElec   .          Harm     .   (no cloak)
rCorr   .          Rampage  .   (no gloves)
Will    .....                   (no boots)
Stlth   ++........              (no amulet)
HPRegen 0.04/turn               (no ring)
MPRegen 0.08/turn               (no ring)

@: no status effects
A: AC +4, unfitting armour, cold-blooded
a: no special abilities


You were on level 2 of the Dungeon.
You visited 1 branch of the dungeon, and saw 2 of its levels.

You collected 26 gold pieces.

Inventory:

Hand Weapons
 a - a +0 dagger (weapon)
Potions
 b - a potion of magic {unknown}
 c - a potion of haste {unknown}


   Skills:
 + Level 1.9 Dodging
 + Level 1.9 Stealth
 + Level 2.1 Spellcasting
 + Level 4.0 Conjurations
 + Level 0.1 Hexes
 + Level 0.2 Translocations


You had 3 spell levels left.
You knew the following spells:

 Your Spells              Type           Power      Damage    Failure   Level
a - Magic Dart            Conj           64%        1d6       3%          1

Your spell library contained the following spells:

 Spells                   Type           Power      Damage    Failure   Level
 Searing Ray              Conj           32%        2d5       4%          2
 Dazzling Flash           Conj/Hex       18%        N/A       22%         3
 Fulminant Prism          Conj/Hex       4%         3d6       58%         4
 Iskenderun's Mystic Bla  Conj/Tloc      9%         2d4       58%         4


Dungeon Overview and Level Annotations

Branches:
Dungeon (2/15)

Altars:


Innate Abilities, Weirdness & Mutations

Your plain brown scales are hard. (AC +4)
You cannot fit into any form of body armour.
You are cold-blooded and may be slowed by cold attacks.


Message History

A giant cockroach comes into view.
A kobold comes into view. It is wielding a +0 short sword.
Found 6 poisoned darts.
You see here a ball python corpse.
The giant cockroach closely misses you. The bat closely misses you.
The giant cockroach bites you but does no damage.
Things that are here:
a +0 club; 4 stones; a kobold corpse You barely miss the giant cockroach.
The bat barely misses you.
The giant cockroach bites you but does no damage.
The bat barely misses you.
You hit the giant cockroach but do no damage.
Your tail-slap misses the giant cockroach.
The bat hits you but does no damage. The giant cockroach closely misses you.
The bat hits you but does no damage.
You hit the giant cockroach but do no damage.
The bat closely misses you. The kobold completely misses you.
The giant cockroach closely misses you.
You barely miss the giant cockroach.
You tail-slap the giant cockroach, but do no damage.
The kobold hits you with a +0 short sword.
The giant cockroach bites you but does no damage.
The bat completely misses you.
You hit the giant cockroach.
The giant cockroach is severely wounded.
The bat hits you but does no damage. The bat barely misses you.
The giant cockroach barely misses you.
The kobold hits you with a +0 short sword.
The giant cockroach bites you but does no damage.
You completely miss the giant cockroach.
The giant cockroach is severely wounded.
The bat hits you.
The kobold hits you with a +0 short sword.
The giant cockroach bites you but does no damage.
The bat hits you.
You hit the giant cockroach.
The giant cockroach is almost dead.
The bat hits you but does no damage. The bat barely misses you.
The kobold hits you with a +0 short sword.
You die...

### ..#
#####.###### #
#.@b#....[..
#.#.KB#...#####
#..#...#......#
##.#####..###...
#..............
#.....#..##...#
#.##.##..# ...
#....##..# .#
####.##... .


You could see a giant cockroach, a bat and a kobold.

Vanquished Creatures
  2 endoplasms
  A giant cockroach (D:1)
  A ball python (D:2)
  2 kobolds
  A rat (D:1)
7 creatures vanquished.

Notes
Turn   | Place    | Note
-------+----------+-------------------------------------------
     0 | D:1      | RascalDebosk the Draconian Conjurer began the quest for the
                  | Orb.
     0 | D:1      | Reached XP level 1. HP: 14/14 MP: 3/3
   875 | D:2      | Slain by a kobold

Illustrated notes

Levels and vault maps discovered:
D:1:      amcnicky_arrival_gap_in_the_tavern_cellar, layout_loops_ring,
          patterned_corridor
D:2:      layout_loops_corners, shapermc_ecumenical_altar_gd, minmay_distorted

Action                   || total
-------------------------++-------
Melee: Dagger            ||     7
       Tailslap          ||     1
 Cast: Magic Dart        ||    13
Armor: Skin              ||    10
Dodge: Dodged            ||    12
